 Dungeon Crawl Stone Soup version 0.30-a0-956-gcec3b41aec (webtiles) character file.

Game seed: 11322998980191447974

382 ThatPearl the Shield-Bearer (level 6, 0/42 HPs)
             Began as an Octopode Fighter on Mar 29, 2023.
             Was a Believer of Jiyva.
             Slain by an orc wizard
             ... wielding a +0 dagger
              (3 damage)
             ... on level 4 of the Dungeon.
             The game lasted 00:08:40 (2253 turns).

ThatPearl the Shield-Bearer (Octopode Fighter)      Turns: 2253, Time: 00:08:40

Health: 0/42       AC:  1    Str: 16    XL:     6   Next: 76%
Magic:  6/6        EV: 13    Int: 12    God:    Jiyva [**....]
Gold:   131        SH:  6    Dex: 11    Spells: 3/5 levels left

rFire   . . .      SeeInvis .    a - +0 trident
rCold   . . .      Faith    .    b - +1 buckler
rNeg    . . .      Spirit   .    (helmet restricted)
rPois   .          Reflect  .    (no amulet)
rElec   .          Rampage  .    (no ring)
rCorr   +                        (no ring)
Will    .....                    (no ring)
Stlth   ++                       (no ring)
HPRegen 1.23/turn                (no ring)
MPRegen 0.40/turn                (no ring)
                                 (no ring)
                                 (no ring)

@: no status effects
A: almost no armour, amphibious, 8 rings, camouflage 1, gelatinous body 1,
(nimble swimmer 1), tentacles
a: Renounce Religion


You were on level 4 of the Dungeon.
You worshipped Jiyva.
Jiyva was pleased with you.
You visited 1 branch of the dungeon, and saw 4 of its levels.

You collected 131 gold pieces.

Inventory:

Hand Weapons
 a - a +0 trident (weapon)
 q - a +0 sling
Missiles
 g - 4 poisoned darts (quivered)
 i - 60 stones
 o - 6 javelins
Armour
 b - a +1 buckler (worn)
Scrolls
 k - 2 scrolls of enchant armour
 m - a scroll of fear {unknown}
 n - a scroll of immolation {unknown}
 r - a scroll of silence {unknown}
Potions
 c - a potion of might
 e - 2 potions of flight
 f - 4 potions of brilliance
 h - a potion of attraction {unknown}
 j - a potion of cancellation
 p - a potion of curing {unknown}


   Skills:
 - Level 3.0 Fighting
 + Level 4.4 Polearms
 + Level 3.0 Dodging
 - Level 5.0 Shields
 + Level 3.1 Summonings


You had 3 spell levels left.
You knew the following spells:

 Your Spells              Type           Power      Damage    Failure   Level
a - Call Imp              Summ           7%         N/A       17%         2

Your spell library contained the following spells:

 Spells                   Type           Power      Damage    Failure   Level
 Magic Dart               Conj           0%         1d3       38%         1
 Mephitic Cloud           Conj/Pois/Air  0%         N/A       77%         3
 Malign Gateway           Summ/Tloc      1%         N/A       100%        7
 Summon Horrible Things   Summ           3%         N/A       100%        8


Dungeon Overview and Level Annotations

Branches:
Dungeon (4/15)
 Temple: D:4-7

Altars:
Gozag
Jiyva

Shops:
D:3 [   D:4 [

Annotations:
D:3 3 runed translucent doors, retardedninja's ghost, amateur HuFi


Innate Abilities, Weirdness & Mutations

You cannot wear most types of armour.
You are amphibious.
You can wear up to eight rings at the same time.
Your skin changes colour to match your surroundings (Stealth+).
Your rubbery body absorbs attacks. (AC +1, EV +1)
((You are camouflaged when in or above water. (Stealth+)))
You have tentacles for arms and can constrict up to eight enemies at once.


Message History

You hear a distant slurping noise.
Something hits you.
You hit the orc. Your grab misses the orc.
The orc is moderately wounded.
The orc hits you with a +0 whip! Something hits you.
You hit the orc. Your grab misses the orc.
The orc is almost dead.
The orc closely misses you. Something hits you but does no damage.
You hit the orc.
You kill the orc!
You block something's attack. Something hits you.
You miss something. Something hits you. x2
You completely miss something. Your squeeze misses something.
You block something's attack.
You hear a distant slurping noise.
You miss something. Something hits you.
You miss something. Your squeeze misses something.
You hear a distant slurping noise.
Something hits you.
You hit something. Something hits you.
You miss something. You block something's attack.
You hear a distant slurping noise.
You hit something. Your squeeze misses something.
You hear some strange, mumbled words.
A magic dart appears from out of thin air!
The magic dart hits you!
You hear a distant slurping noise. x2
You miss something.
You hear some strange, mumbled words.
A puff of flame appears from out of thin air!
The puff of flame hits you!
* * * LOW HITPOINT WARNING * * *
Something hits you.
* * * LOW HITPOINT WARNING * * *
Okay, then.
You barely miss something. Something hits you.
* * * LOW HITPOINT WARNING * * *
You barely miss something. Your squeeze misses something. Something hits you.
You die...

##### #...########
#...#......#
########...#.####.#####
.......)@....# #.....#
########{....# #####.#
#.....########.#
#######...........#..#
+.........>######.#.##
##########.# #....#.#
#.###..#.#.####
#......#.#.....
#..###.#.######


There were no monsters in sight!

Vanquished Creatures
  Sigmund (D:3)
  A scorpion (D:4)
  A hound (D:4)
  An orc priest (D:2)
  Natasha (D:3)
  An adder (D:2)
  A worm (D:2)
  2 dart slugs
  6 orcs
  7 ball pythons
  An endoplasm (D:2)
  A giant cockroach (D:2)
  8 goblins
  7 hobgoblins
  8 jackals
  2 quokkas
  5 bats
  4 frilled lizards
  6 kobolds
  A rat (D:2)
65 creatures vanquished.

Vanquished Creatures (others)
  Natasha (twice) (D:3)
  2 orcs
  2 endoplasms (D:3)
  A kobold (D:3)
7 creatures vanquished.

Grand Total: 72 creatures vanquished

Notes
Turn   | Place    | Note
-------+----------+-------------------------------------------
     0 | D:1      | ThatPearl the Octopode Fighter began the quest for the Orb.
     0 | D:1      | Reached XP level 1. HP: 16/16 MP: 1/1
    30 | D:1      | Upgraded the game from 0.30-a0-953-g5f1da4a474 to
                  | 0.30-a0-956-gcec3b41aec
    52 | D:1      | Reached XP level 2. HP: 21/21 MP: 2/2
   482 | D:1      | Reached XP level 3. HP: 26/26 MP: 3/3
   816 | D:2      | Learned a level 2 spell: Call Imp
  1163 | D:2      | Found a faded altar of an unknown god.
  1262 | D:2      | Prayed at the altar of an unknown god.
  1262 | D:2      | Became a worshipper of Jiyva Jynnau the Shapeless
  1262 | D:2      | Reached * piety under Jiyva
  1309 | D:2      | Reached XP level 4. HP: 31/31 MP: 4/4
  1469 | D:3      | Noticed Sigmund
  1528 | D:2      | Reached skill level 4 in Shields
  1528 | D:2      | Reached skill level 1 in Summonings
  1612 | D:3      | Killed Sigmund
  1613 | D:3      | Reached XP level 5. HP: 17/36 MP: 5/5
  1613 | D:3      | Reached XP level 6. HP: 20/42 MP: 6/6
  1697 | D:3      | Killed Natasha
  1723 | D:3      | Noticed Natasha
  1732 | D:3      | Killed Natasha
  1737 | D:3      | Killed Natasha
  1821 | D:3      | Found Vuariala's Armour Shop.
  1841 | D:3      | Reached ** piety under Jiyva
  1979 | D:3      | Found a runed translucent gate.
  1979 | D:3      | Found a runed translucent gate.
  1979 | D:3      | Found a runed translucent gate.
  1980 | D:3      | Found an opulent altar of Gozag.
  1980 | D:3      | Noticed retardedninja's ghost (amateur HuFi)
  2120 | D:4      | Found Cudie's Antique Armour Boutique.
  2138 | D:4      | Reached skill level 5 in Shields
  2251 | D:4      | HP: 2/42 [something (3)]
  2253 | D:4      | Slain by an orc wizard

Illustrated notes

Levels and vault maps discovered:
D:1:      wheals_arrival_shading, layout_loops_ring
D:2:      layout_basic, shapermc_ecumenical_altar_mp_vishouse
D:3:      layout_rooms, serial_shops, shop, ebering_ghost_gozag, uniq_sigmund,
          uniq_natasha
D:4:      layout_basic, kb_xom_exploding_sheep, nemelex_spade_bored_becter,
          serial_shops, shop

Skill      XL: |  1  2  3  4  5  6 |
---------------+-------------------+-----
Polearms       | 3 4 |  4.4
Shields        | 4 5 |  5.0
Summonings     | 2 3 |  3.1
Fighting       | |  3.0
Dodging        | |  3.0

Action                     |  1- 3 |  4- 6 || total
---------------------------+-------+-------++-------
  Melee: Trident           |    84 |    77 ||   161
         Constrict         |    20 |    11 ||    31
         Tentacles         |     7 |    10 ||    17
         Punch             |     1 |     1 ||     2
  Throw: Dart              |     1 |       ||     1
         Throwing net      |       |     1 ||     1
    Use: Scroll            |       |     3 ||     3
   Stab: Sleeping          |    11 |     4 ||    15
 Armour: Skin              |     5 |     5 ||    10
  Dodge: Dodged            |    41 |    54 ||    95
  Block: Buckler           |     9 |    17 ||    26

Table legend: (Time is in decaauts)
 A = Elapsed time spent in this place.
 B = Non-inter-level travel time spent in this place.
 C = Inter-level travel time spent in this place.
 D = Time resting spent in this place.
 E = Time spent auto-exploring this place.
 F = Levels seen in this place.
 G = Mean time per level.
                   A        B        C        D        E       F      G
               +--------+--------+--------+--------+--------+-----+--------+
         Total |   2283 |   2121 |    162 |      8 |   1608 |   4 |  570.8 |
       Dungeon |   2283 |   2121 |    162 |      8 |   1608 |   4 |  570.8 |
               +--------+--------+--------+--------+--------+-----+--------+

Top non-repeatable levels by time:
     D:2: 797 daAuts
     D:1: 748 daAuts
     D:3: 555 daAuts
     D:4: 180 daAuts
